[Event "Team 45 45 League T49"]
[Site "Internet Chess Club"]
[Date "2011.05.27"]
[Round "3"]
[White "Invicta-Knight"]
[Black "badmove"]
[Result "0-1"]
[WhiteElo "1500"]
[BlackElo "1739"]
[Opening "Center game: Paulsen attack"]
[ECO "C22"]
[Time "16:16:53"]
[TimeControl "2700+45"]

1. e4 e5 2. d4 exd4 3. Qxd4 Nc6 4. Qe3 g6 5. Nc3 Bg7 6. Bd2 Nf6 7. O-O-O O-O 8.
h3 Re8 9. Bd3 d5 10. Qf4 Nb4 11. Bb5 c6 12. Be2 Nxe4 13. Kb1 Qa5 14. a3 Nxc3+
15. bxc3 Re4 16. Qg3 Qxa3 {White resigns} 0-1

[Event "Team 45 45 League T49"]
[Site "Internet Chess Club"]
[Date "2011.05.29"]
[Round "3"]
[White "MateIn42"]
[Black "kwameh72"]
[Result "1/2-1/2"]
[WhiteElo "1432"]
[BlackElo "1592"]
[Opening "Scandinavian: Pytel-Wade variation"]
[ECO "B01"]
[Time "10:30:51"]
[TimeControl "2700+45"]

1. e4 d5 2. exd5 Qxd5 3. Nc3 Qd6 4. d4 Nf6 5. Nf3 a6 6. Be2 b5 7. a3 Bb7 8. O-O
Nbd7 9. h3 e6 10. Be3 Be7 11. Ne1 O-O 12. Bf3 Bxf3 13. Qxf3 c5 14. dxc5 Nxc5 15.
Rd1 Qc7 16. Nd3 Nxd3 17. Rxd3 Rad8 18. Rfd1 Rxd3 19. Rxd3 Rd8 20. Bf4 Rxd3 21.
cxd3 Qc8 22. Be5 Nd7 23. Bd4 Bf6 24. Bxf6 Nxf6 25. Qe3 Qc7 26. Qd4 h6 27. Ne4
Qc1+ 28. Kh2 Nxe4 29. dxe4 {Game drawn by mutual agreement} 1/2-1/2

[Event "Team 45 45 League T49"]
[Site "Internet Chess Club"]
[Date "2011.05.30"]
[Round "3"]
[White "The-Capitalist"]
[Black "mrmarck"]
[Result "1/2-1/2"]
[WhiteElo "1350"]
[BlackElo "1235"]
[Opening "Scandinavian (center counter) defense"]
[ECO "B01"]
[Time "20:00:17"]
[TimeControl "2700+45"]

1. e4 d5 2. exd5 Qxd5 3. Nc3 Qa5 4. d4 c6 5. Nf3 Nf6 6. Ne5 Nbd7 7. Nc4 Qc7 8.
Be2 e6 9. O-O Be7 10. Re1 Nd5 11. Nxd5 cxd5 12. Ne3 Nf6 13. Bb5+ Bd7 14. Bxd7+
Qxd7 15. Ng4 Nxg4 16. Qxg4 g6 17. Bg5 h5 18. Qg3 h4 19. Qg4 f5 20. Qf4 Bd6 21.
Qf3 Kf7 {Game drawn by mutual agreement} 1/2-1/2

[Event "Team 45 45 League T49"]
[Site "Internet Chess Club"]
[Date "2011.05.27"]
[Round "3"]
[White "Traho"]
[Black "kingsrook"]
[Result "0-1"]
[WhiteElo "1147"]
[BlackElo "1312"]
[Opening "Caro-Kann: classical variation"]
[ECO "B18"]
[Time "19:03:02"]
[TimeControl "2700+45"]

1. e4 c6 2. d4 d5 3. Nc3 dxe4 4. Nxe4 Bf5 5. Ng3 Bg6 6. Nf3 Nd7 7. Be3 e6 8. Qd2
Ngf6 9. O-O-O Qc7 10. Nh4 O-O-O 11. Nxg6 hxg6 12. Bf4 Bd6 13. Bxd6 Qxd6 14. f4
Nb6 15. c3 Nbd5 16. Ne2 Ne4 17. Qe1 Nxf4 18. Ng3 Nf6 19. Ne4 Nxe4 20. Qxe4 f5
21. Qe5 Qxe5 22. dxe5 Rxd1+ 23. Kxd1 Rd8+ 24. Kc2 Rd5 25. g3 Nh5 26. Bc4 Rxe5
27. Rd1 Nf6 28. Rd6 Nd5 29. Bxd5 cxd5 30. c4 Kc7 31. c5 b6 {White resigns} 0-1

[Event "Team 45 45 League T49"]
[Site "Internet Chess Club"]
[Date "2011.05.26"]
[Round "3"]
[White "KidRattler"]
[Black "Graybeard"]
[Result "1-0"]
[WhiteElo "1183"]
[BlackElo "1086"]
[Opening "English opening"]
[ECO "A21"]
[Time "15:00:43"]
[TimeControl "2700+45"]

1. c4 e5 2. Nc3 g6 3. g3 Bg7 4. Bg2 d6 5. Nf3 Ne7 6. Qb3 c6 7. Ng5 O-O 8. e4 b6
9. h4 Na6 10. h5 Nc5 11. Qd1 f6 12. Nxh7 Kxh7 13. hxg6+ Kg8 14. Qh5 {Black
resigns} 1-0

[Event "Team 45 45 League T49"]
[Site "Internet Chess Club"]
[Date "2011.05.30"]
[Round "3"]
[White "WannaB"]
[Black "kjs110"]
[Result "1-0"]
[WhiteElo "1072"]
[BlackElo "1063"]
[Opening "Caro-Kann: advance variation"]
[ECO "B12"]
[Time "21:00:10"]
[TimeControl "2700+45"]

1. e4 c6 2. d4 d5 3. e5 Bf5 4. Nf3 e6 5. Be2 Ne7 6. Nbd2 g6 7. Nb3 b6 8. Nh4 Bg7
9. Nxf5 Nxf5 10. O-O O-O 11. Bf4 Bh6 12. Bxh6 Nxh6 13. Qd2 Nf5 14. Bg4 Nd7 15.
Bxf5 exf5 16. Qf4 f6 17. e6 Nb8 18. Rfe1 Qe7 19. Nd2 Na6 20. c3 Nc7 21. c4 Nxe6
22. Qe3 Rfe8 23. cxd5 cxd5 24. Nb3 Rac8 25. a3 f4 26. Qe2 Qd7 27. Qd2 Qa4 28.
Qb4 Qxb4 29. axb4 Re7 30. Rec1 Rxc1+ 31. Rxc1 Rc7 32. Rxc7 Nxc7 33. Nd2 Nb5 34.
Nf3 g5 35. h3 Nd6 36. Kf1 Nc4 37. b3 Nd6 38. Ke2 b5 39. Nd2 Nb7 40. Kf3 Nd8 41.
g3 fxg3 42. Kxg3 Nc6 43. Kf3 Nxd4+ 44. Ke3 Nc2+ 45. Kd3 Nxb4+ 46. Kd4 Kf7 47.
Kc5 a6 48. Kxb4 Ke6 49. Ka5 d4 50. Kxa6 Ke5 51. Kxb5 Kf4 52. Kc4 Ke5 53. b4 Kd6
54. Ne4+ Kc6 55. Kxd4 Kb5 56. Kc3 f5 57. Nxg5 h6 58. f4 hxg5 59. fxg5 f4 60. g6
f3 61. g7 f2 62. g8=Q f1=Q 63. Qb8+ Ka4 64. Qe8+ Qb5 65. Qxb5+ Kxb5 66. h4 Kc6
67. h5 Kd7 68. h6 Ke7 69. h7 Ke6 70. h8=Q Kd5 71. b5 Kc5 72. Qb8 Kd5 73. b6 Kc6
74. Kb4 Kd7 75. Qc7+ Ke6 76. b7 Kd5 77. Qd7+ Ke4 78. b8=Q Ke3 79. Qbe8+ Kf3 80.
Qd3+ Kg4 81. Qde2+ Kf5 82. Q8e5+ Kg6 83. Qe6+ Kg5 84. Qg2+ Kf4 85. Qf6+ Ke3 86.
Qff3+ Kd4 87. Qgg4+ Ke5 88. Qff4+ Kd5 89. Qgg5+ Ke6 90. Qff6+ Kd7 91. Qgg7+ Ke8
92. Qff8# {Black checkmated} 1-0

[Event "Team 45 45 League T49"]
[Site "Internet Chess Club"]
[Date "2011.05.26"]
[Round "3"]
[White "guyd52"]
[Black "BrianWood"]
[Result "0-1"]
[WhiteElo "1215"]
[BlackElo "1499"]
[Opening "Réti: King's Indian attack"]
[ECO "A05"]
[Time "18:00:30"]
[TimeControl "2700+45"]

1. Nf3 Nf6 2. g3 g6 3. Bg2 Bg7 4. d3 d6 5. O-O O-O 6. Nbd2 c5 7. e4 Nc6 8. Nc4
b5 9. Ne3 e5 10. b3 Bb7 11. Bb2 a6 12. c4 Qd7 13. a3 Rfe8 14. Nd5 Nxd5 15. cxd5
Nd4 16. Bxd4 exd4 17. Qd2 h6 18. h4 f5 19. Bh3 Qf7 20. Kg2 fxe4 21. Be6 exf3+
22. Kg1 Rxe6 23. dxe6 Qxe6 24. Kh2 Bc8 25. g4 Qxg4 26. Rh1 Qg2# {White
checkmated} 0-1

[Event "Team 45 45 League T49"]
[Site "Internet Chess Club"]
[Date "2011.05.28"]
[Round "3"]
[White "WilmaP"]
[Black "kabubi"]
[Result "1-0"]
[WhiteElo "1188"]
[BlackElo "1127"]
[Opening "Ruy Lopez: Alapin's defense deferred"]
[ECO "C70"]
[Time "16:01:39"]
[TimeControl "2700+45"]

1. e4 e5 2. Nf3 Nc6 3. Bb5 a6 4. Ba4 Bb4 5. c3 Ba5 6. O-O Nge7 7. d4 b5 8. Bc2
exd4 9. cxd4 O-O 10. d5 Nb8 11. Qd3 c5 12. e5 c4 13. Qxh7# {Black checkmated}
1-0

[Event "Team 45 45 League T49"]
[Site "Internet Chess Club"]
[Date "2011.05.29"]
[Round "3"]
[White "tcianciola"]
[Black "nlobo"]
[Result "0-1"]
[WhiteElo "1168"]
[BlackElo "989"]
[Opening "QGD"]
[ECO "D30"]
[Time "10:00:06"]
[TimeControl "2700+45"]

1. d4 d5 2. c4 e6 3. Nf3 Nf6 4. Bg5 Be7 5. Nc3 c6 6. g3 Nbd7 7. Bg2 O-O 8. O-O
b6 9. Qd2 Ba6 10. cxd5 cxd5 11. Rfe1 Bb4 12. a3 Bd6 13. Qe3 Qe8 14. Bh3 Ne4 15.
Nxe4 dxe4 16. Qxe4 Rc8 17. d5 Nc5 18. Qe3 Na4 19. dxe6 Bc5 20. Qb3 fxe6 21.
Bxe6+ Kh8 22. Bxc8 Bxc8 23. Rad1 Be6 24. Qc2 Bf5 25. Qd2 b5 26. Qa5 Bb6 27. Qd2
a5 28. b3 Nc5 29. Qc3 Ne4 30. Qb2 Bxf2+ 31. Kf1 Bh3# {White checkmated} 0-1

[Event "Team 45 45 League T49"]
[Site "Internet Chess Club"]
[Date "2011.05.25"]
[Round "3"]
[White "Duguesclin"]
[Black "gerailen0075"]
[Result "0-1"]
[WhiteElo "1570"]
[BlackElo "1885"]
[Opening "Queen's pawn: Franco-Indian (Keres) defense"]
[ECO "A40"]
[Time "16:31:03"]
[TimeControl "2700+45"]

1. d4 e6 2. c4 Bb4+ 3. Bd2 a5 4. Nc3 d6 5. a3 Bxc3 6. Bxc3 Nf6 7. e3 Ne4 8. Qc2
Nxc3 9. bxc3 O-O 10. Bd3 h6 11. Nf3 Qe7 12. O-O Nd7 13. Rab1 b6 14. Be4 Rb8 15.
Bc6 Nf6 16. Nd2 e5 17. Rfe1 Ng4 18. h3 Nf6 19. a4 Nh7 20. Ne4 f5 21. Bd5+ Kh8
22. Ng3 Qh4 23. Kh2 e4 24. f4 Nf6 25. Nf1 Bd7 26. Qe2 c6 27. g3 Qh5 28. Qxh5
Nxh5 29. g4 Nf6 30. Bxc6 Bxc6 31. gxf5 Bxa4 32. Ng3 Rfc8 33. Ra1 Rxc4 34. Rec1
Bd7 35. Kg2 a4 36. Ra3 b5 37. Rb1 Rbc8 38. Ne2 Nd5 39. Kf2 Nxc3 {White resigns}
0-1

[Event "Team 45 45 League T49"]
[Site "Internet Chess Club"]
[Date "2011.05.30"]
[Round "3"]
[White "ILRE"]
[Black "Chess2Play"]
[Result "0-1"]
[WhiteElo "1686"]
[BlackElo "1551"]
[Opening "Sicilian: closed, 6.f4 e5 (Botvinnik)"]
[ECO "B25"]
[Time "20:04:10"]
[TimeControl "2700+45"]

1. e4 c5 2. Nc3 Nc6 3. g3 g6 4. Bg2 Bg7 5. d3 d6 6. f4 e5 7. Nf3 Nf6 8. O-O O-O
9. h3 exf4 10. gxf4 Nh5 11. Qe1 Nd4 12. Nxd4 Bxd4+ 13. Be3 Bg7 14. Rb1 Rb8 15.
Nd5 Be6 16. Nc3 Qd7 17. Rf3 b5 18. a3 b4 19. axb4 Rxb4 20. Nd1 Rfb8 21. c3 Rb3
22. Qf1 f5 23. Qe1 a5 24. Ra1 a4 25. Kh2 Qb5 26. Qe2 fxe4 27. Rf2 exd3 28. Qf1
Rf8 29. Be4 c4 30. Qg2 Nf6 31. Bc6 Qb8 32. Rxa4 d5 33. Bd4 Qc7 34. Bxf6 Rxf6 35.
Bxd5 Bxd5 36. Qxd5+ Rf7 37. Rxc4 Qd7 38. Qxd7 Rxd7 39. Kg3 Rb5 40. Kf3 Bh6 41.
Kg4 Bg7 42. f5 gxf5+ 43. Rxf5 Rxf5 44. Kxf5 Kf7 45. Ke4 Bh6 46. Kf3 Rd6 47. b4
d2 48. Ke2 Re6+ 49. Kd3 Rd6+ 50. Kc2 Bg5 51. b5 Rb6 52. Rc7+ Ke6 53. Rxh7 Rxb5
54. Rh5 Ra5 55. Kb2 Rb5+ 56. Kc2 Ra5 57. Nb2 Ra2 58. Rxg5 Rxb2+ 59. Kd1 Kf6 60.
Rg2 Rb1+ 61. Kxd2 Rb2+ 62. Kd3 Rxg2 63. c4 Ke6 64. Kd4 Kd6 65. c5+ Kc6 66. Ke4
Rh2 {White resigns} 0-1

[Event "Team 45 45 League T49"]
[Site "Internet Chess Club"]
[Date "2011.05.30"]
[Round "3"]
[White "Oscar"]
[Black "Helaman"]
[Result "1-0"]
[WhiteElo "1552"]
[BlackElo "1466"]
[Opening "KGA: Fischer defense"]
[ECO "C34"]
[Time "21:30:08"]
[TimeControl "2700+45"]

1. e4 e5 2. f4 exf4 3. Nf3 d6 4. Bc4 h6 5. d4 Bg4 6. Bxf4 Qd7 7. Nbd2 g5 8. Be3
Bg7 9. c3 Ne7 10. Qb3 Nbc6 11. Bxf7+ Kf8 12. O-O d5 13. exd5 Nf5 14. Be6 Qd6 15.
Ne1 Nxd4 16. Bxd4 Bxd4+ 17. cxd4 Ke7 18. Bxf5 Rhf8 19. Bxg4 Rxf1+ 20. Nxf1 Qf4
21. Qe3+ {Black resigns} 1-0

[Event "Team 45 45 League T49"]
[Site "Internet Chess Club"]
[Date "2011.05.29"]
[Round "3"]
[White "houseofcook"]
[Black "drsigmund1"]
[Result "0-1"]
[WhiteElo "1415"]
[BlackElo "1449"]
[Opening "Scotch gambit: Dubois-Réti defense"]
[ECO "C55"]
[Time "13:00:18"]
[TimeControl "2700+45"]

1. e4 e5 2. Nf3 Nc6 3. d4 exd4 4. Bc4 Nf6 5. e5 d5 6. Bb5 Ne4 7. Nxd4 Bd7 8.
Bxc6 bxc6 9. O-O Bc5 10. f3 Ng5 11. f4 Ne4 12. Be3 O-O 13. Nd2 Bb6 14. Nxe4 dxe4
15. Qd2 Qe7 16. Nb3 Rad8 17. Qc3 f6 18. Bc5 Bxc5+ 19. Qxc5 Rfe8 20. Qc4+ Be6 21.
Qxe4 Bd5 22. Qe3 fxe5 23. Rae1 e4 24. Nc5 Qf6 25. Nb3 Qxb2 26. Rf2 Qxa2 27. c4
Qa4 28. cxd5 cxd5 29. Nd4 c5 30. Nf5 Qd7 31. Ng3 d4 32. Qb3+ Kh8 33. Rxe4 Rxe4
34. Nxe4 Qc6 35. Nd2 Re8 36. Qd1 c4 37. Re2 Rf8 38. Qe1 d3 39. Re3 h6 40. Kf1
Rxf4+ 41. Nf3 Rf6 42. Qc3 Qb5 43. Kg1 a5 44. Re5 Qb6+ 45. Kh1 a4 46. Qxc4 Qb1+
47. Re1 Qxe1+ {White resigns} 0-1

[Event "Team 45 45 League T49"]
[Site "Internet Chess Club"]
[Date "2011.05.27"]
[Round "3"]
[White "heartbreakkid"]
[Black "RD1974"]
[Result "1-0"]
[WhiteElo "1861"]
[BlackElo "1606"]
[Opening "Dutch defense"]
[ECO "A81"]
[Time "15:02:21"]
[TimeControl "2700+45"]

1. d4 f5 2. g3 Nf6 3. Bg2 c6 4. Nf3 e6 5. Nc3 d5 6. Bf4 Bd6 7. Ne5 Qe7 8. Qd2
Nbd7 9. O-O-O Bb4 10. Nd3 a5 11. Qe1 Nb6 12. a3 Bxa3 13. bxa3 Qxa3+ 14. Kb1 Ne4
15. Nxe4 dxe4 16. Bc1 Qe7 17. Ne5 Nd5 18. c4 Nb6 19. Qc3 Qb4+ 20. Qxb4 axb4 21.
Bd2 b3 22. Kb2 O-O 23. Kxb3 Bd7 24. c5 Ra6 25. Ra1 Rfa8 26. Rxa6 Rxa6 27. cxb6
Rxb6+ 28. Bb4 {Black resigns} 1-0

[Event "Team 45 45 League T49"]
[Site "Internet Chess Club"]
[Date "2011.05.27"]
[Round "3"]
[White "leo6"]
[Black "Buford-Julep"]
[Result "1/2-1/2"]
[WhiteElo "1684"]
[BlackElo "1690"]
[Opening "French: exchange variation"]
[ECO "C01"]
[Time "20:00:35"]
[TimeControl "2700+45"]

1. e4 e6 2. d4 d5 3. exd5 exd5 4. Nf3 Nf6 5. Nc3 c6 6. Bd3 Bd6 7. O-O O-O 8. h3
h6 9. Ne2 Re8 10. Bf4 Ne4 11. Bxd6 Qxd6 12. c4 dxc4 13. Bxc4 Be6 14. Bd3 Bd5 15.
Nc3 Nxc3 16. bxc3 Nd7 17. Re1 Qf4 18. Qd2 Qxd2 19. Nxd2 Kf8 20. c4 Be6 21. f4
Nf6 22. Rab1 b6 23. Nf3 Rad8 24. g4 Bc8 25. Rxe8+ Rxe8 26. Ne5 Bb7 27. c5 Nd5
28. cxb6 axb6 29. Bc4 Nxf4 30. Rxb6 Re7 31. Nxc6 Bxc6 32. Rxc6 Nxh3+ 33. Kh2 Ng5
34. Rc8+ Re8 35. Rxe8+ Kxe8 36. Kg3 Ne4+ 37. Kf4 Nd6 38. Bd5 Ke7 39. a4 g5+ 40.
Kf3 f5 41. a5 fxg4+ 42. Kxg4 Nb5 43. a6 Kd6 44. Bc4 Na7 45. Kf5 Kc6 46. Ke6 Kb6
47. d5 g4 48. d6 g3 49. d7 Kc7 50. Ke7 Nc6+ 51. Ke8 g2 52. a7 g1=Q 53. a8=Q Qg6+
54. Bf7 Qe4+ 55. Kf8 Qe7+ 56. Kg7 Qxd7 57. Qe8 Qxe8 58. Bxe8 Ne7 {Game drawn by
mutual agreement} 1/2-1/2

[Event "Team 45 45 League T49"]
[Site "Internet Chess Club"]
[Date "2011.05.29"]
[Round "3"]
[White "Rhitz"]
[Black "Warpdrive"]
[Result "0-1"]
[WhiteElo "1359"]
[BlackElo "1605"]
[Opening "Sicilian: accelerated fianchetto, modern variation"]
[ECO "B34"]
[Time "13:04:41"]
[TimeControl "2700+45"]

1. e4 c5 2. Nf3 Nc6 3. d4 cxd4 4. Nxd4 g6 5. Nc3 Bg7 6. Be3 a6 7. Bc4 e6 8. h4
Nge7 9. h5 d5 10. Bb3 dxe4 11. Nxe4 Nxd4 12. hxg6 Nxg6 13. Bg5 Qa5+ 14. c3 Qe5
15. cxd4 Qxe4+ 16. Kf1 b5 17. Bc2 Qxd4 18. Qf3 Qd5 19. Be4 Qxg5 20. Bxa8 Bd7 21.
Rd1 Ne5 22. Qb7 O-O 23. Rxd7 Nxd7 24. g3 Nf6 25. Qxa6 Qc1+ 26. Kg2 Qxb2 27. Bc6
b4 28. Qa5 Ng4 29. Qh5 Qxf2+ 30. Kh3 f5 31. Kh4 {White resigns} 0-1

[Event "Team 45 45 League T49"]
[Site "Internet Chess Club"]
[Date "2011.05.29"]
[Round "3"]
[White "pudge"]
[Black "SirIvanhoe"]
[Result "0-1"]
[WhiteElo "1406"]
[BlackElo "1467"]
[Opening "Caro-Kann: advance variation"]
[ECO "B12"]
[Time "13:01:06"]
[TimeControl "2700+45"]

1. e4 c6 2. d4 d5 3. e5 Bf5 4. Bd3 Bxd3 5. Qxd3 e6 6. Be3 Qb6 7. b3 c5 8. c3
cxd4 9. cxd4 Nc6 10. Ne2 Nge7 11. O-O Nf5 12. Nbc3 Be7 13. Na4 Qc7 14. Rac1 a6
15. Qc2 O-O 16. Rfd1 Nxe3 17. fxe3 Rac8 18. Qd3 b5 19. Nc5 Bxc5 20. Rxc5 Qb7 21.
Rdc1 Ne7 22. b4 Rxc5 23. Rxc5 Rc8 24. Qc2 Rxc5 25. Qxc5 Nf5 26. Kf2 Ne7 27. Nf4
Kf8 28. Nd3 g6 29. g4 Qc6 30. h4 Ke8 31. Kf3 Kd7 32. a3 Ke8 33. Kf4 h6 34. Qxc6+
Nxc6 35. Nc5 a5 36. bxa5 Nxa5 37. e4 dxe4 38. Nxe4 Nc4 39. Nc3 Nxa3 40. Na2 Nc2
41. Ke4 b4 42. Kd3 b3 43. Nc1 Ne1+ 44. Kc3 b2 45. Kxb2 Nf3 46. Ne2 Nxh4 47. Nf4
Nf3 48. Kc3 Nh2 49. Kc4 Nxg4 50. Kc5 Ne3 51. Kd6 h5 52. Nxg6 fxg6 53. Kxe6 h4
54. d5 Nxd5 55. Kxd5 h3 {White resigns} 0-1

[Event "Team 45 45 League T49"]
[Site "Internet Chess Club"]
[Date "2011.05.27"]
[Round "3"]
[White "KyleMayhugh"]
[Black "chicopee-ed"]
[Result "1-0"]
[WhiteElo "1377"]
[BlackElo "1371"]
[Opening "Sicilian: Scheveningen variation"]
[ECO "B80"]
[Time "12:00:34"]
[TimeControl "2700+45"]

1. e4 c5 2. Nf3 d6 3. d4 cxd4 4. Nxd4 Nf6 5. Nc3 e6 6. Be3 a6 7. f3 b5 8. Qd2
Be7 9. O-O-O Bb7 10. g4 h6 11. Bg2 Qc7 12. h4 Nc6 13. g5 hxg5 14. hxg5 O-O-O 15.
gxf6 Bxf6 16. Rxh8 Rxh8 17. Rh1 Rxh1+ 18. Bxh1 Ne5 19. b3 Nc6 20. Nxc6 Qxc6 21.
Ne2 Qc7 22. Bd4 e5 23. Be3 Be7 24. Bg2 Kb8 25. Kb2 f6 26. Nc3 g5 27. Nd5 Qd8 28.
Bh3 Bc8 29. Bxc8 Kxc8 30. Bb6 Qe8 31. Qc3+ Kd7 32. Qc7+ Ke6 33. Qa7 f5 34. Nc7+
{Black resigns} 1-0

[Event "Team 45 45 League T49"]
[Site "Internet Chess Club"]
[Date "2011.05.30"]
[Round "3"]
[White "sdcohle"]
[Black "Burbia"]
[Result "0-1"]
[WhiteElo "1363"]
[BlackElo "1339"]
[Opening "Dutch defense"]
[ECO "A40"]
[Time "17:00:07"]
[TimeControl "2700+45"]

1. d4 e6 2. c4 f5 3. Nf3 Nf6 4. e3 d5 5. Nbd2 c6 6. Bd3 Bd6 7. O-O O-O 8. b3 Bd7
9. Bb2 Qe7 10. a3 Be8 11. c5 Bc7 12. Rc1 Nbd7 13. b4 Bh5 14. h3 g5 15. Be2 Qg7
16. Nh2 Bxe2 17. Qxe2 Bxh2+ 18. Kxh2 Qh6 19. Kg1 Kh8 20. f3 Rf7 21. Rf2 Rg8 22.
Rcf1 Nh5 23. Kh2 f4 24. Qe1 Rfg7 25. Rg1 Ng3 26. Nf1 Qh4 27. Rd2 Nf6 28. Nxg3
fxg3+ 29. Qxg3 Qxg3+ 30. Kxg3 h5 31. Kf2 Rf8 32. Ke1 g4 33. fxg4 hxg4 34. hxg4
Nxg4 35. Re2 Rgf7 36. Bc1 Nf2 37. Kd2 Ne4+ 38. Kc2 Rf2 39. Re1 Ng3 40. Rxf2
Rxf2+ 41. Kd3 Rxg2 42. Rd1 Ne4 43. Bd2 Nf2+ 44. Kc2 Nxd1 45. Kxd1 Kg7 46. Kc2
Kg6 47. Kd3 Kf5 48. a4 a6 49. a5 Kg4 50. Kc2 Kf3 51. Kd3 Re2 52. Kc2 Ke4 53. Kc3
Rg2 54. Kc2 e5 55. Kc3 exd4+ 56. exd4 Rg3+ 57. Kc2 Kxd4 58. Bf4 Rc3+ 59. Kd2 Kc4
60. Be5 Rb3 61. Kc2 Rxb4 62. Bc3 Rb5 63. Bd2 Rxc5 64. Kb2 Kb5 65. Kb3 Rc4 66.
Ka3 Ra4+ 67. Kb3 Rxa5 68. Bc3 Ra4 69. Bb2 Rc4 70. Bf6 d4 71. Kb2 d3 72. Bg5 a5
73. Bd2 a4 74. Ka3 Rc2 75. Bg5 d2 76. Bh6 d1=Q 77. Bf4 Qa1# {White checkmated}
0-1

[Event "Team 45 45 League T49"]
[Site "Internet Chess Club"]
[Date "2011.05.29"]
[Round "3"]
[White "Sandia"]
[Black "fuzzface"]
[Result "1-0"]
[WhiteElo "1289"]
[BlackElo "1358"]
[Opening "Philidor's defense"]
[ECO "C41"]
[Time "10:00:28"]
[TimeControl "2700+45"]

1. e4 e5 2. Nf3 d6 3. Nc3 Nc6 4. Bc4 h6 5. h3 a6 6. a3 b5 7. Bb3 Nf6 8. d3 Be7
9. Be3 O-O 10. Qd2 Bd7 11. Nh4 Kh7 12. g4 Nxg4 13. hxg4 Bxh4 14. Nd5 Bxg4 15.
Rg1 h5 16. c3 f6 17. Bd1 f5 18. exf5 Rxf5 19. Bxg4 hxg4 20. Rxg4 g5 21. O-O-O
Qd7 22. Rh1 Rxf2 23. Rhxh4+ gxh4 24. Rxh4+ Kg8 25. Qxf2 Qe6 26. Qg2+ Kf8 27.
Bh6+ Kf7 28. Qg7+ Ke8 29. Nxc7+ Kd8 30. Nxe6+ {Black resigns} 1-0

[Event "Team 45 45 League T49"]
[Site "Internet Chess Club"]
[Date "2011.05.28"]
[Round "3"]
[White "Toalla"]
[Black "kabubi"]
[Result "1-0"]
[WhiteElo "1248"]
[BlackElo "1142"]
[Opening "QGA: 3.e4"]
[ECO "D20"]
[Time "13:45:51"]
[TimeControl "2700+45"]

1. d4 d5 2. c4 dxc4 3. e4 e6 4. Bxc4 b6 5. Nf3 Bb7 6. Nc3 Bb4 7. Qd3 Nf6 8. d5
exd5 9. exd5 Nxd5 10. Qe4+ Qe7 11. Qxe7+ Nxe7 12. Bd2 Bxf3 13. gxf3 Nbc6 14. a3
Bc5 15. b4 Bd4 16. Rd1 O-O-O 17. Nb5 a6 18. Nxd4 Nxd4 19. Bc3 Nxf3+ 20. Ke2 Rxd1
21. Rxd1 Nxh2 22. Bxf7 Rf8 23. Be6+ Kb7 24. Rd7 Nf5 25. Be5 Kc6 26. Rxc7+ Kb5
27. Bxf5 Rxf5 28. Bxh2 {Black resigns} 1-0

[Event "Team 45 45 League T49"]
[Site "Internet Chess Club"]
[Date "2011.05.28"]
[Round "3"]
[White "achessfool"]
[Black "pudge"]
[Result "1/2-1/2"]
[WhiteElo "1381"]
[BlackElo "1409"]
[Opening "Ruy Lopez: Wormald (Alapin) attack"]
[ECO "C77"]
[Time "13:00:24"]
[TimeControl "2700+45"]

1. e4 e5 2. Nf3 Nc6 3. Bb5 a6 4. Ba4 Nf6 5. Qe2 b5 6. Bb3 Be7 7. c3 O-O 8. O-O
d6 9. d3 h6 10. Rd1 Bg4 11. Nbd2 Qd7 12. Nf1 Nh7 13. Ng3 Bg5 14. Bd5 Bxc1 15.
Raxc1 Ng5 16. Nf5 Nxf3+ 17. gxf3 Bxf5 18. exf5 Rab8 19. Qe4 Ne7 20. f6 Nxd5 21.
fxg7 Rfe8 22. Qxd5 Qf5 23. Kh1 Re6 24. Rg1 Rg6 25. Rxg6 Qxg6 26. Qc6 Qxd3 27.
Rg1 Qe2 28. Qxc7 Qxf3+ 29. Rg2 Qd1+ 30. Rg1 Qf3+ {Game drawn by mutual
agreement} 1/2-1/2

[Event "Team 45 45 League T49"]
[Site "Internet Chess Club"]
[Date "2011.05.28"]
[Round "3"]
[White "tworivers"]
[Black "Morphys-GGS"]
[Result "1-0"]
[WhiteElo "1450"]
[BlackElo "1504"]
[Opening "Queen's pawn, Mason variation"]
[ECO "D00"]
[Time "17:00:12"]
[TimeControl "2700+45"]

1. d4 d5 2. Bf4 Nf6 3. e3 Bf5 4. Nf3 h6 5. Bd3 Bxd3 6. Qxd3 e6 7. h3 Nbd7 8.
Nbd2 c5 9. c3 c4 10. Qc2 Be7 11. Qa4 O-O 12. Ne5 Nb6 13. Qc2 Rc8 14. g4 g5 15.
Bh2 Qe8 16. f4 Nh7 17. O-O-O Qa4 18. Ndf3 Qxc2+ 19. Kxc2 Bd8 20. Rdf1 f6 21. Ng6
Rf7 22. h4 Nd7 23. hxg5 fxg5 24. fxg5 Nxg5 25. Nxg5 Bxg5 26. Nf4 e5 27. Nxd5
exd4 28. exd4 Rxf1 29. Rxf1 Re8 30. Kd1 Re4 31. Bf4 Nf8 32. Bxg5 hxg5 33. Nf6+
Kg7 34. Nxe4 Ne6 35. d5 Nf4 36. d6 Ne6 37. Rf5 a6 38. Nxg5 Kg6 39. Nxe6 {Black
resigns} 1-0

[Event "Team 45 45 League T49"]
[Site "Internet Chess Club"]
[Date "2011.05.31"]
[Round "3"]
[White "BishopMike"]
[Black "Bamilus"]
[Result "1/2-1/2"]
[WhiteElo "1455"]
[BlackElo "1253"]
[Opening "Danish gambit: Sorensen defense"]
[ECO "C21"]
[Time "21:01:35"]
[TimeControl "2700+45"]

1. e4 e5 2. d4 exd4 3. c3 d5 4. Qxd4 Nc6 5. Bb5 Ne7 6. Nf3 a6 7. Bxc6+ Nxc6 8.
Qxd5 Qxd5 9. exd5 Ne7 10. c4 c6 11. d6 Ng6 12. c5 Bd7 13. O-O O-O-O 14. Re1 b6
15. b4 bxc5 16. bxc5 Bg4 17. Nd4 Bxd6 18. Nxc6 Rhe8 19. Rxe8 Rxe8 20. Be3 Bxc5
21. Nc3 Bxe3 22. fxe3 Rxe3 23. Nd5 Rd3 24. Ndb4 Rd1+ 25. Rxd1 Bxd1 26. Nxa6 Kb7
27. Ncb4 Kb6 28. a3 Be2 29. Nb8 Nf8 30. Kf2 Bd1 31. N8c6 Kb5 32. Ne5 Ka4 33. Nc4
Bb3 34. Ne5 Kxa3 35. Nbc6 Ng6 36. Nxg6 fxg6 37. h4 h6 38. Ne7 g5 39. Nf5 gxh4
40. Nxg7 Bc2 41. Kf3 Kb4 42. Kg4 Be4 43. g3 hxg3 44. Kxg3 Kc5 45. Kh4 Bf3 46.
Nf5 Kd5 47. Nxh6 {Game drawn because neither player has mating material} 1/2-1/2

[Event "Team 45 45 League T49"]
[Site "Internet Chess Club"]
[Date "2011.05.29"]
[Round "3"]
[White "medsurg"]
[Black "TheronUAL"]
[Result "0-1"]
[WhiteElo "1296"]
[BlackElo "1477"]
[Opening "Caro-Kann: exchange variation"]
[ECO "B13"]
[Time "19:00:21"]
[TimeControl "2700+45"]

1. e4 c6 2. d4 d5 3. exd5 cxd5 4. Bd3 Nf6 5. c3 e6 6. Nf3 Bd6 7. Bg5 h6 8. Bh4
O-O 9. Nbd2 Nbd7 10. Qe2 Qc7 11. Bg3 e5 12. O-O e4 13. Ne5 exd3 14. Qxd3 Nxe5
15. Bxe5 Bxe5 16. dxe5 Qxe5 17. Rae1 Qc7 18. Nf3 b6 19. Ne5 a5 20. f4 Ba6 21.
Qf5 Bxf1 22. Rxf1 Qc5+ 23. Kh1 Qb5 24. Rf2 Qc5 25. Re2 Ne4 26. Nd7 Nf2+ 27. Rxf2
Qxf2 28. h3 Rfe8 29. Qg4 Re1+ 30. Kh2 Qg1+ 31. Kg3 Re3+ 32. Kh4 Qe1+ 33. Kh5 Re6
34. Ne5 Rxe5+ 35. fxe5 Qxe5+ 36. Kh4 Qf6+ 37. Kg3 Qg6 {White resigns} 0-1

[Event "Team 45 45 League T49"]
[Site "Internet Chess Club"]
[Date "2011.05.26"]
[Round "3"]
[White "fledermaus"]
[Black "PandorasBox"]
[Result "1/2-1/2"]
[WhiteElo "1961"]
[BlackElo "1944"]
[Opening "Queen's pawn game"]
[ECO "A46"]
[Time "18:01:19"]
[TimeControl "2700+45"]

1. d4 Nf6 2. Nf3 d6 3. g3 g6 4. Bg2 Bg7 5. O-O O-O 6. Nc3 c6 7. e4 Bg4 8. Be3
Nbd7 9. Qd2 Bxf3 10. Bxf3 e5 11. Bg2 Qe7 {Game drawn by mutual agreement}
1/2-1/2

[Event "Team 45 45 League T49"]
[Site "Internet Chess Club"]
[Date "2011.05.30"]
[Round "3"]
[White "byebyebadman"]
[Black "DarkFlow"]
[Result "1/2-1/2"]
[WhiteElo "1856"]
[BlackElo "1992"]
[Opening "two knights defense: Fritz, Gruber variation"]
[ECO "C57"]
[Time "14:02:54"]
[TimeControl "2700+45"]

1. e4 e5 2. Nf3 Nc6 3. Bc4 Nf6 4. Ng5 d5 5. exd5 Nd4 6. c3 b5 7. Bf1 Nxd5 8. Ne4
Qh4 9. Bxb5+ Nxb5 10. Qa4 Nf4 11. Qxb5+ Bd7 12. Qxe5+ Kd8 13. Qg5+ {Game drawn
by mutual agreement} 1/2-1/2